 Dungeon Crawl Stone Soup version 0.30-a0-1066-g63dfefce0d (webtiles) character file.

Game seed: 7229863963382565826

134 voltaire321 the Insei (level 5, -2/51 HPs)
             Began as an Octopode Transmuter on Apr 12, 2023.
             Slain by Grinder (5 damage)
             ... while paralysed by Grinder
             ... on level 3 of the Dungeon.
             The game lasted 00:07:18 (2558 turns).

voltaire321 the Insei (Octopode Transmuter)         Turns: 2558, Time: 00:07:19

Health: -2/51      AC: 22    Str: 10    XL:     5   Next: 17%
Magic:  14/17      EV:  2    Int: 15    God:
Gold:   141        SH:  0    Dex: 14    Spells: 3/9 levels left

rFire   . . .      SeeInvis .    q - +4 whip (venom)
rCold   . . .      Faith    .    (no shield)
rNeg    . . .      Spirit   .    (helmet currently unavailable)
rPois   +          Reflect  .    (no amulet)
rElec   .          Rampage  .    m - ring of magical power
rCorr   .          NoTele   +    (no ring)
Will    .....                    (no ring)
Stlth   +                        (no ring)
HPRegen 0.28/turn                (no ring)
MPRegen 0.15/turn                (no ring)
                                 (no ring)
                                 (no ring)

@: paralysed, tree-form, wereblooded
A: stationary, stasis, torment immunity, boosted hp, almost no armour,
(amphibious), 8 rings, (camouflage 1), (gelatinous body 1), (nimble swimmer 1),
(tentacles)
a: no special abilities


You were on level 3 of the Dungeon.
You were a tree.
You visited 1 branch of the dungeon, and saw 3 of its levels.

You collected 141 gold pieces.

Inventory:

Hand Weapons
 q - a +4 whip of venom (weapon)
Missiles
 b - 8 poisoned darts
Jewellery
 m - a ring of magical power (left branch)
 n - a ring of ice
Scrolls
 c - a scroll of poison {unknown}
 e - a scroll of teleportation {unknown}
 f - 2 scrolls of identify {unknown}
 g - 3 scrolls of enchant armour {unknown}
 h - a scroll of silence {unknown}
 i - a scroll of amnesia {unknown}
Potions
 d - 2 potions of degeneration {unknown}
 j - a potion of haste {unknown}
 k - a potion of flight {unknown}
 l - 2 potions of might {unknown}
 o - a potion of curing {unknown}
 p - a potion of heal wounds {unknown}


   Skills:
 + Level 2.1 Fighting
 * Level 3.3 Dodging
 + Level 3.4 Unarmed Combat
 + Level 2.6 Spellcasting
 + Level 2.6 Transmutations
 + Level 1.0 Poison Magic


You had 3 spell levels left.
You knew the following spells:

 Your Spells              Type           Power      Damage    Failure   Level
a - Beastly Appendage     Tmut           20%        N/A       7%          1
b - Wereblood             Tmut           10%        N/A       11%         2
c - Spider Form           Tmut/Pois      7%         N/A       28%         3

Your spell library contained the following spells:

 Spells                   Type           Power      Damage    Failure   Level
 Passwall                 Tmut/Erth      4%         N/A       19%         2
 Sandblast                Erth           2%         2d4       22%         1
 Stone Arrow              Conj/Erth      2%         3d7       54%         3
 Ice Form                 Ice/Tmut       5%         N/A       77%         4


Dungeon Overview and Level Annotations

Branches:
Dungeon (3/15)

Altars:

Shops:
D:1 [

Annotations:
D:3 Grinder


Innate Abilities, Weirdness & Mutations

You are a tree.
Your roots penetrate the ground, keeping you stationary.
You cannot be teleported.
You are immune to unholy pain and torment.
Your maximum health is greatly increased.
You cannot wear most types of armour.
((You are amphibious.))
You can wear up to eight rings at the same time.
((Your skin changes colour to match your surroundings (Stealth+).))
((Your rubbery body absorbs attacks. (AC +1, EV +1)))
((You are camouflaged when in or above water. (Stealth+)))
((You have tentacles for arms and can constrict up to eight enemies at once.))


Message History

Your tentacle spike disappears.
Grinder says, "Tell me all your secrets, or I'll kill you."
Grinder hits you.
You writhe in agony.
Grinder gestures at you. Pain shoots through your body!
You can move again.
You turn into a tree.
Your roots penetrate the ground.
Grinder blinks!
Okay, then.
Casting: Beastly Appendage (safe; 7% risk of failure)
Confirm with . or Enter, or press ? or * to list all spells.
Your blood is infused with primal strength.
Grinder gestures at you.
You shrug off the repeated paralysis!
Casting: Wereblood (safe; 11% risk of failure)
Confirm with . or Enter, or press ? or * to list all spells.
Your blood is freshly infused with primal strength!
Grinder says, "There's only one good use for a tongue: cutting it out."
You cannot move.
You closely miss Grinder. Grinder hits you but does no damage.
You hit Grinder.
Grinder is lightly wounded.
Grinder hits you but does no damage.
You closely miss Grinder.
Grinder is lightly wounded.
Grinder hits you but does no damage. Grinder hits you!
* * * LOW HITPOINT WARNING * * *
You writhe in agony.
* * * LOW HITPOINT WARNING * * *
You barely miss Grinder.
Grinder is lightly wounded.
Grinder gestures at you. You resist with significant effort.
You hit Grinder.
Grinder is poisoned.
Grinder is lightly wounded.
Grinder gestures at you.
You suddenly lose the ability to move!
Grinder hits you.
* * * LOW HITPOINT WARNING * * *
You writhe in agony.
You die...

.....# .....# .#####
..#..# (# ..##..# .# ..
.# 5.. .# ### .... .####
#.# ..... ....#
#.########...... ....#
#.#....♣5)......
....######.#.######......
...>.........# .....
....#.####.### ...#
...........# .##
....#.###### #
#####.####### ##.......#
#.........


You could see Grinder (very poisoned).

Vanquished Creatures
  5 adders
  A worm (D:1)
  2 dart slugs (D:1)
  5 orcs (D:3)
  7 endoplasms
  6 giant cockroaches
  7 goblins
  5 hobgoblins
  11 jackals
  4 quokkas
  2 ball pythons (D:2)
  6 bats
  3 frilled lizards
  4 kobolds
  3 rats
71 creatures vanquished.

Notes
Turn   | Place    | Note
-------+----------+-------------------------------------------
     0 | D:1      | voltaire321 the Octopode Transmuter began the quest for the
                  | Orb.
     0 | D:1      | Reached XP level 1. HP: 13/13 MP: 3/3
    68 | D:1      | Reached XP level 2. HP: 9/18 MP: 3/5
   250 | D:1      | Found Quacoa's Armour Boutique.
   314 | D:1      | Learned a level 2 spell: Wereblood
   536 | D:1      | Reached XP level 3. HP: 23/23 MP: 4/6
   571 | D:1      | Learned a level 3 spell: Spider Form
  1409 | D:2      | Reached XP level 4. HP: 23/29 MP: 5/7
  2256 | D:3      | Reached XP level 5. HP: 34/34 MP: 8/8
  2332 | D:3      | Noticed Grinder
  2545 | D:3      | Paralysed by Grinder for 4 turns
  2546 | D:3      | Reached skill level 1 in Poison Magic
  2557 | D:3      | Paralysed by Grinder for 2 turns
  2558 | D:3      | Slain by Grinder

Illustrated notes

Levels and vault maps discovered:
D:1:      sevenhm_arrival_forest_fort_small_4, layout_basic, serial_shops,
          nicolae_shop_hallway_stairs, nicolae_wormholes
D:2:      layout_basic
D:3:      layout_loops_ring, basic_ecumenical_altar, minmay_puff,
          uniq_crazy_yiuf_cottage, uniq_grinder

Skill      XL: |  1  2  3  4  5 |
---------------+----------------+-----
Dodging        | 3 |  3.3
Fighting       | 2 |  2.1
Poison Magic   | 1 |  1.0
Unarmed Combat | |  3.4
Spellcasting   | |  2.6
Transmutations | |  2.6

Action                     |  1- 3 |  4- 6 || total
---------------------------+-------+-------++-------
  Melee: Unarmed           |    86 |    45 ||   131
         Constrict         |    22 |    21 ||    43
         Tentacles         |    20 |    10 ||    30
         Kick              |    30 |    16 ||    46
         Punch             |     5 |     3 ||     8
         Whip              |       |    24 ||    24
   Cast: Beastly Appendage |    21 |    18 ||    39
         Wereblood         |       |     2 ||     2
    Use: Potion            |       |     1 ||     1
   Stab: Sleeping          |     5 |     2 ||     7
 Armour: Skin              |     6 |     9 ||    15
  Dodge: Dodged            |    40 |    36 ||    76

Table legend: (Time is in decaauts)
 A = Elapsed time spent in this place.
 B = Non-inter-level travel time spent in this place.
 C = Inter-level travel time spent in this place.
 D = Time resting spent in this place.
 E = Time spent auto-exploring this place.
 F = Levels seen in this place.
 G = Mean time per level.
                   A        B        C        D        E       F      G
               +--------+--------+--------+--------+--------+-----+--------+
         Total |   2551 |   2526 |     25 |    467 |   1408 |   3 |  850.3 |
       Dungeon |   2551 |   2526 |     25 |    467 |   1408 |   3 |  850.3 |
               +--------+--------+--------+--------+--------+-----+--------+

Top non-repeatable levels by time:
     D:1: 1289 daAuts
     D:2: 925 daAuts
     D:3: 337 daAuts
